 Dungeon Crawl Stone Soup version 0.25.0-9-g26727b657a (webtiles) character file.

Game seed: 16169726141323142478

231 Exodus22XD the Poker (level 5, 0/39 HPs)
             Began as a Demonspawn Gladiator on June 21, 2020.
             Slain by Grinder (7 damage)
             ... on level 3 of the Dungeon.
             The game lasted 00:03:25 (2809 turns).

Exodus22XD the Poker (Demonspawn Gladiator)         Turns: 2809, Time: 00:03:26

Health: 0/39       AC:  6    Str: 12    XL:     5   Next: 73%
Magic:  5/5        EV: 13    Int:  9    God:
Gold:   58         SH:  0    Dex: 14    Spells: 4/4 levels left

rFire    . . .     SeeInvis .   a - +0 trident
rCold    . . .     Gourm    .   (no shield)
rNeg     . . .     Faith    .   b - +0 leather armour
rPois    .         Spirit   .   c - +0 helmet
rElec    .         Reflect  .   (no cloak)
rCorr    .         Harm     .   (no gloves)
MR       .....                  (no boots)
Stlth    +++.......             (no amulet)
HPRegen  0.13/turn              n - -4 ring of strength (curse)
MPRegen  0.09/turn              (no ring)

@: no status effects
A: talons 1, slimy green scales 1, nightstalker 1
a: no special abilities


You were on level 3 of the Dungeon.
You were not hungry.

You visited 1 branch of the dungeon, and saw 3 of its levels.

You collected 58 gold pieces.

Inventory:

Hand Weapons
 a - a +0 trident (weapon)
Missiles
 d - 3 throwing nets (quivered)
Armour
 b - a +0 leather armour (worn)
 c - a +0 helmet (worn)
 t - a +0 scale mail
Jewellery
 n - a cursed -4 ring of strength (left hand)
 w - an uncursed ring of protection from magic {unknown}
Wands
 u - a wand of random effects (13)
Scrolls
 e - 2 scrolls of fog {unknown}
 h - 3 scrolls of remove curse {unknown}
 i - 2 scrolls of identify {unknown}
 j - a scroll of enchant armour {unknown}
 q - a scroll of noise {unknown}
 r - a scroll of fear {unknown}
 s - a scroll of enchant weapon {unknown}
Potions
 g - a potion of ambrosia {unknown}
 k - a potion of degeneration {unknown}
 m - a potion of might {unknown}
 o - a potion of brilliance {unknown}
 p - 3 potions of flight {unknown}
Comestibles
 f - 5 rations
 v - 3 chunks of flesh


   Skills:
 + Level 2.7 Fighting
 + Level 4.6 Polearms
 - Level 1.7 Throwing
 + Level 1.7 Armour
 + Level 3.2 Dodging
 + Level 1.4 Stealth


You had 4 spell levels left.
You didn't know any spells.
Your spell library was empty.

Dungeon Overview and Level Annotations

Branches:
Dungeon (3/15)

Altars:
Ashenzari
Wu Jian

Annotations:
D:3 Grinder


Innate Abilities, Weirdness & Mutations

You have sharp toenails.
You are partially covered in slimy green scales. (AC +2)
You are slightly more attuned to the shadows.


Message History

Grinder hits you!
You writhe in agony.
You hit Grinder but do no damage.
Grinder is severely wounded.
Grinder blinks!
Grinder gestures at you.
You barely resist. You hit Grinder. Your kick misses Grinder.
Grinder is severely wounded.
Grinder blinks!
Grinder gestures at you. Pain shoots through your body!
* * * LOW HITPOINT WARNING * * *
Grinder barely misses you.
You puncture Grinder!
Grinder is almost dead.
Grinder barely misses you.
You closely miss Grinder. Your kick misses Grinder.
Grinder is almost dead.
Grinder hits you!
You die...

#..# #.# #.# ##.#....⌠..#+
#).###+# #.####+....#.....
#..###_+ ...((.>.##÷##....
#######.)###+# #.##....#...#....
.........# #.# ..#..†.#...+..._
######...###.###..#....#...#....
##...........#....#####....
#.#######.#.#..... #..... #.#
#@......... #⌠.##+ .<#
#5######### #... . ...# #.#
....# #.# ..... #.# #.# #.# #.#
.#.#


You could see Grinder.

Vanquished Creatures
  An orc priest (D:2)
  3 orc wizards
  A worker ant (D:3)
  2 adders (D:3)
  An ooze (D:1)
  2 worms
  A dart slug (D:1)
  A leopard gecko (D:2)
  8 orcs
  8 goblins
  6 hobgoblins
  4 jackals (D:1)
  4 bats
  5 frilled lizards
  6 kobolds
  7 rats
60 creatures vanquished.

Notes
Turn   | Place    | Note
-------+----------+-------------------------------------------
     0 | D:1      | Exodus22XD the Demonspawn Gladiator began the quest for the
                  | Orb.
     0 | D:1      | Reached XP level 1. HP: 16/16 MP: 1/1
   298 | D:1      | Reached skill level 3 in Polearms
   323 | D:1      | Gained mutation: You are slightly more attuned to the
                  | shadows. [demonic ancestry]
   323 | D:1      | Reached XP level 2. HP: 18/22 MP: 2/2
  1133 | D:2      | Reached XP level 3. HP: 27/27 MP: 3/3
  1326 | D:2      | Reached skill level 1 in Armour
  1326 | D:2      | Gained mutation: You have sharp toenails. [demonic
                  | ancestry]
  1326 | D:2      | Reached XP level 4. HP: 21/33 MP: 4/4
  1342 | D:2      | Reached skill level 4 in Polearms
  1342 | D:2      | Reached skill level 1 in Stealth
  1896 | D:2      | Gained mutation: You are partially covered in slimy green
                  | scales. (AC +2) [demonic ancestry]
  1896 | D:2      | Reached XP level 5. HP: 37/39 MP: 5/5
  2529 | D:3      | Found a shattered altar of Ashenzari.
  2745 | D:3      | Found an ornate altar of the Wu Jian Council.
  2774 | D:3      | Noticed Grinder
  2793 | D:3      | Paralysed by Grinder for 6 turns
  2809 | D:3      | Slain by Grinder

Illustrated notes

Levels and vault maps discovered:
D:1:      matt_arrival_refuge, layout_basic
D:2:      layout_basic, first_ration
D:3:      layout_basic, evilmike_ruin_ashenzari, lemuel_doored_altar,
          grunt_dithmenos_smoke, serial_co_window_serial, co_window_corner_a,
          co_window_paths_a, co_window_paths_a, co_window_paths_b,
          co_window_paths_b, co_window_corner_ca, co_window_unsneaky_path_c,
          co_window_cross_2, co_window_corner_cb, co_window_paths_d,
          co_window_paths_e, glass_columns_b, glass_columns_b, glass_columns_c,
          glass_columns_b, uniq_grinder

Skill      XL: |  1  2  3  4 |
---------------+-------------+-----
Polearms       | 3 4 |  4.6
Dodging        | 3 |  3.2
Armour         | 1 |  1.7
Stealth        | 1 |  1.4
Fighting       | |  2.7
Throwing       | |  1.7

Action                   |  1- 3 |  4- 6 || total
-------------------------+-------+-------++-------
Melee: Trident           |    98 |   125 ||   223
       Kick              |       |    32 ||    32
  Use: Potion            |       |     4 ||     4
 Stab: Sleeping          |     4 |     6 ||    10
  Eat: Chunk             |     1 |     5 ||     6
Armor: Leather armour    |    10 |    35 ||    45
Dodge: Dodged            |    38 |   111 ||   149
